TOP OF THE 1ST |
Chattanooga Lookouts batting - Pitching for Trenton Thunder : LHP Randy Eisenmann
|
Pitching: LHP Randy Eisenmann
|
|
Batting: RHB Mike Craver
|
0-0: Foul Ball, location: 2F 0-1: Swinging Strike 0-2: Strikes out swinging
|
Batting: SHB Matt Urbani
|
0-0: Ball 1-0: Swinging Strike 1-1: Ball 2-1: Foul Ball, location: 2F 2-2: Ball 3-2: Strikes out swinging
|
Batting: LHB Marshall Daul
|
0-0: Ball 1-0: Swinging Strike 1-1: Called Strike 1-2: Ball 2-2: Ball 3-2: SINGLE (Line Drive, 8LS, EV 105.6 MPH)
|
Batting: LHB Shaun Price
|
0-0: Ball 1-0: Ball Marshall Daul steals 2nd, throwing error, E2 Marshall Daul to third 2-0: Called Strike 2-1: Ground out 6-3 (Groundball, 6, EV 88.1 MPH)
|
Top of the 1st over - 0 runs, 1 hit, 1 error, 1 left on base; Chattanooga 0 - Trenton 0 |
BOTTOM OF THE 1ST |
Trenton Thunder batting - Pitching for Chattanooga Lookouts : LHP Juan Garcia
|
Pitching: LHP Juan Garcia
|
|
Batting: RHB Josh Zoglmann
|
0-0: Ball 1-0: Swinging Strike 1-1: Foul Ball, location: 2F 1-2: Foul Ball, location: 2F 1-2: Ball 2-2: Strikes out swinging
|
Batting: RHB Phil Reeves
|
0-0: Ball 1-0: Foul Ball, location: 2F 1-1: TRIPLE (Groundball, 3L, EV 101.9 MPH)
|
Batting: RHB Sam Hubbert
|
0-0: Ball 1-0: Called Strike 1-1: Ball 2-1: Foul Ball, location: 2F 2-2: Ball 3-2: Foul Ball, location: 2F 3-2: Base on Balls
|
Batting: SHB Corey Penson
|
0-0: Called Strike 0-1: Ball 1-1: Called Strike 1-2: Strikes out swinging
|
Batting: RHB Javier Umanzor
|
0-0: Fly out, F7 (Flyball, 7S, EV 91.9 MPH)
|
Bottom of the 1st over - 0 runs, 1 hit, 0 errors, 2 left on base; Chattanooga 0 - Trenton 0 |
TOP OF THE 2ND |
Chattanooga Lookouts batting - Pitching for Trenton Thunder : LHP Randy Eisenmann
|
Batting: RHB Manuel Juarez
|
0-0: Ball 1-0: Called Strike 1-1: Called Strike 1-2: Ball 2-2: SINGLE (Groundball, 56D, EV 105.6 MPH)
|
Batting: LHB Kuemon Shishido
|
0-0: Fly out, F9 (Flyball, 9, EV 94.4 MPH)
|
Batting: RHB Michael McDonald
|
0-0: Ball 1-0: Called Strike 1-1: Ball Manuel Juarez is caught stealing 2nd base 2-4 2-1: Ground out 4-3 (Groundball, 4M, EV 83.1 MPH)
|
Top of the 2nd over - 0 runs, 1 hit, 0 errors, 0 left on base; Chattanooga 0 - Trenton 0 |
BOTTOM OF THE 2ND |
Trenton Thunder batting - Pitching for Chattanooga Lookouts : LHP Juan Garcia
|
Batting: LHB Steve LeGrand
|
0-0: Ball 1-0: Ball 2-0: Foul Ball, location: 2F 2-1: Ground out U3 (Groundball, 3, EV 102.5 MPH)
|
Batting: RHB Jonathan Iniguez
|
0-0: Called Strike 0-1: Ball 1-1: DOUBLE (Groundball, 5L, EV 100.6 MPH)
|
Batting: LHB Justin O'Neal
|
0-0: Ball Jonathan Iniguez is caught stealing 3rd base 2-5 1-0: Called Strike 1-1: Swinging Strike 1-2: Ball 2-2: Foul Ball, location: 2F 2-2: Foul Ball, location: 2F 2-2: Ball 3-2: Ground out 6-3 (Groundball, 56, EV 83.1 MPH)
|
Bottom of the 2nd over - 0 runs, 1 hit, 0 errors, 0 left on base; Chattanooga 0 - Trenton 0 |
TOP OF THE 3RD |
Chattanooga Lookouts batting - Pitching for Trenton Thunder : LHP Randy Eisenmann
|
Batting: RHB John Dew
|
0-0: Ball 1-0: Called Strike 1-1: Called Strike 1-2: Ball 2-2: Foul Ball, location: 2F 2-2: Ball 3-2: Strikes out swinging
|
Batting: RHB David Nardone
|
0-0: Ball 1-0: Ball 2-0: Ball 3-0: Called Strike 3-1: Called Strike 3-2: Fly out, F9 (Flyball, 9, EV 90.6 MPH)
|
Batting: RHB Mike Craver
|
0-0: Foul Ball, location: 2F 0-1: Ball 1-1: Swinging Strike 1-2: Ball 2-2: Ground out 6-3 (Groundball, 4M, EV 85.6 MPH)
|
Top of the 3rd over - 0 runs, 0 hits, 0 errors, 0 left on base; Chattanooga 0 - Trenton 0 |
BOTTOM OF THE 3RD |
Trenton Thunder batting - Pitching for Chattanooga Lookouts : LHP Juan Garcia
|
Batting: SHB Houston Phillips
|
0-0: Ball 1-0: Foul Ball, location: 2F 1-1: SINGLE (Line Drive, 8RS, EV 96.9 MPH)
|
Batting: RHB Josh Zoglmann
|
0-0: Ball 1-0: Ball 2-0: Fly out, F8 (Flyball, 8RXD, EV 103.1 MPH)
|
Batting: RHB Phil Reeves
|
0-0: Ball 1-0: Called Strike 1-1: Foul Ball, location: 2F 1-2: Strikes out swinging
|
Batting: RHB Sam Hubbert
|
0-0: Ball 1-0: SINGLE (Groundball, 34D, EV 108.8 MPH) Houston Phillips to second Runner from 2nd tries for 3rd, OUT! 9-5
|
Bottom of the 3rd over - 0 runs, 2 hits, 0 errors, 1 left on base; Chattanooga 0 - Trenton 0 |
TOP OF THE 4TH |
Chattanooga Lookouts batting - Pitching for Trenton Thunder : LHP Randy Eisenmann
|
Batting: SHB Matt Urbani
|
0-0: Ball 1-0: Ball 2-0: Called Strike 2-1: Ball 3-1: Ground out 6-3 (Groundball, 6, EV 91.2 MPH)
|
Batting: LHB Marshall Daul
|
0-0: Ball 1-0: Called Strike 1-1: Ground out 4-3 (Groundball, 4, EV 88.8 MPH)
|
Batting: LHB Shaun Price
|
0-0: Ball 1-0: SINGLE (Line Drive, 8RS, EV 100.6 MPH)
|
Batting: RHB Manuel Juarez
|
0-0: SINGLE (Groundball, 6M, EV 104.4 MPH) (infield hit) Shaun Price to second
|
Batting: LHB Kuemon Shishido
|
0-0: Foul Ball, location: 2F 0-1: DOUBLE (Flyball, 78XD, EV 108.8 MPH) Shaun Price scores Manuel Juarez to third Runner from 3rd tries for Home, SAFE, throw by LF to home
|
Batting: RHB Michael McDonald
|
0-0: Ball 1-0: Ball 2-0: DOUBLE (Line Drive, 9LM, EV 105.6 MPH) Kuemon Shishido scores
|
Batting: RHB John Dew
|
0-0: Swinging Strike 0-1: Ball 1-1: Ball 2-1: Ball 3-1: Ground out 4-3 (Groundball, 4, EV 103.8 MPH)
|
Top of the 4th over - 3 runs, 4 hits, 0 errors, 1 left on base; Chattanooga 3 - Trenton 0 |
BOTTOM OF THE 4TH |
Trenton Thunder batting - Pitching for Chattanooga Lookouts : LHP Juan Garcia
|
Batting: SHB Corey Penson
|
0-0: Ball 1-0: Ball 2-0: Fly out, F7 (Flyball, 7S, EV 87.5 MPH)
|
Batting: RHB Javier Umanzor
|
0-0: Ball 1-0: Foul Ball, location: 2F 1-1: Ball 2-1: SINGLE (Groundball, 56D, EV 104.4 MPH)
|
Batting: LHB Steve LeGrand
|
0-0: Called Strike 0-1: Ball 1-1: Called Strike 1-2: SINGLE (Groundball, 4M, EV 109.4 MPH) (infield hit) Javier Umanzor to second
|
Batting: RHB Jonathan Iniguez
|
0-0: Ball 1-0: Foul Ball, location: 2F 1-1: Swinging Strike 1-2: Strikes out swinging
|
Batting: LHB Justin O'Neal
|
0-0: Ball 1-0: Swinging Strike 1-1: Called Strike 1-2: Ball 2-2: Fielders Choice at 2nd, 6-4 (Groundball, 6, EV 101.2 MPH)
|
Bottom of the 4th over - 0 runs, 2 hits, 0 errors, 2 left on base; Chattanooga 3 - Trenton 0 |
TOP OF THE 5TH |
Chattanooga Lookouts batting - Pitching for Trenton Thunder : LHP Randy Eisenmann
|
Batting: RHB David Nardone
|
0-0: Ball 1-0: Ball 2-0: Ball 3-0: Called Strike 3-1: Base on Balls
|
Batting: RHB Mike Craver
|
0-0: Foul Ball, location: 2F 0-1: Ball 1-1: Foul Ball, location: 2F 1-2: Ball David Nardone is caught stealing 2nd base 2-4 2-2: Foul Ball, location: 2F 2-2: Ball 3-2: Ground out 5-3 (Groundball, 56, EV 90.0 MPH)
|
Batting: SHB Matt Urbani
|
0-0: Ball 1-0: Ball 2-0: Foul Ball, location: 2F 2-1: Swinging Strike 2-2: Fly out, F3 (Popup, 3L, EV 76.2 MPH)
|
Top of the 5th over - 0 runs, 0 hits, 0 errors, 0 left on base; Chattanooga 3 - Trenton 0 |
BOTTOM OF THE 5TH |
Trenton Thunder batting - Pitching for Chattanooga Lookouts : LHP Juan Garcia
|
Batting: SHB Houston Phillips
|
0-0: Ball 1-0: DOUBLE (Groundball, 3L, EV 105.6 MPH)
|
Batting: RHB Josh Zoglmann
|
0-0: Ball 1-0: Ground out U3 (Groundball, 34S, EV 71.2 MPH) Houston Phillips to third
|
DELAY
|
Rain delay of 37 minutes in the 5th inning.
|
Batting: RHB Phil Reeves
|
0-0: Swinging Strike 0-1: Ball 1-1: Ground out 1-3 (Groundball, P, EV 76.2 MPH)
|
Batting: RHB Sam Hubbert
|
0-0: Swinging Strike 0-1: Ball 1-1: Fly out, F4 (Line Drive, 4, EV 73.8 MPH)
|
Bottom of the 5th over - 0 runs, 1 hit, 0 errors, 1 left on base; Chattanooga 3 - Trenton 0 |
TOP OF THE 6TH |
Chattanooga Lookouts batting - Pitching for Trenton Thunder : LHP Randy Eisenmann
|
Pitching: RHP Jimmy Wilder
|
|
Batting: LHB Marshall Daul
|
0-0: Ball 1-0: Ground out U3 (Groundball, 3S, EV 83.1 MPH)
|
Batting: LHB Shaun Price
|
0-0: DOUBLE (Line Drive, 9LD, EV 105.6 MPH)
|
Batting: RHB Manuel Juarez
|
0-0: Called Strike 0-1: Ground out 4-3 (Groundball, 6MD, EV 86.9 MPH) Shaun Price to third
|
Batting: LHB Kuemon Shishido
|
0-0: Ground out U3 (Groundball, 3L, EV 89.4 MPH)
|
Top of the 6th over - 0 runs, 1 hit, 0 errors, 1 left on base; Chattanooga 3 - Trenton 0 |
BOTTOM OF THE 6TH |
Trenton Thunder batting - Pitching for Chattanooga Lookouts : LHP Juan Garcia
|
Batting: SHB Corey Penson
|
0-0: Ball 1-0: Swinging Strike 1-1: Ground out 6-3 (Groundball, 6, EV 86.9 MPH)
|
Batting: RHB Javier Umanzor
|
0-0: Ball 1-0: Ball 2-0: Reached on error, E5 (Groundball, 56S, EV 83.8 MPH)
|
Batting: LHB Steve LeGrand
|
0-0: Ball 1-0: Ball 2-0: Grounds into double play, 6-4-3 (Groundball, 6, EV 83.8 MPH)
|
Bottom of the 6th over - 0 runs, 0 hits, 1 error, 0 left on base; Chattanooga 3 - Trenton 0 |
TOP OF THE 7TH |
Chattanooga Lookouts batting - Pitching for Trenton Thunder : RHP Jimmy Wilder
|
Batting: RHB Michael McDonald
|
0-0: DOUBLE (Groundball, 5L, EV 105.0 MPH)
|
Batting: RHB John Dew
|
0-0: Called Strike 0-1: Foul Ball, location: 2F 0-2: Ball 1-2: Ground out 5-3 (Groundball, 56, EV 109.4 MPH)
|
Batting: RHB David Nardone
|
0-0: Ball 1-0: Ball 2-0: Ball Wild Pitch! Michael McDonald to third 3-0: Called Strike 3-1: Fly out, F7 (Line Drive, 7, EV 93.1 MPH)
|
Batting: RHB Mike Craver
|
0-0: Swinging Strike 0-1: Ball 1-1: Foul Ball, location: 2F 1-2: Ball 2-2: Ball 3-2: 2-RUN HOME RUN (Flyball, 8LXD, EV 116.2 MPH), Distance : 456 ft
|
Batting: SHB Matt Urbani
|
0-0: Ball 1-0: Ball 2-0: Ground out 1-3 (Groundball, P, EV 70.6 MPH)
|
Top of the 7th over - 2 runs, 2 hits, 0 errors, 0 left on base; Chattanooga 5 - Trenton 0 |
BOTTOM OF THE 7TH |
Trenton Thunder batting - Pitching for Chattanooga Lookouts : LHP Juan Garcia
|
Batting: RHB Jonathan Iniguez
|
0-0: Called Strike 0-1: Fly out, F8 (Flyball, 78S, EV 86.9 MPH)
|
Batting: LHB Justin O'Neal
|
0-0: Called Strike 0-1: Called Strike 0-2: Ball 1-2: Ball 2-2: Fly out, F8 (Flyball, 8LM, EV 80.6 MPH)
|
Batting: SHB Houston Phillips
|
0-0: Called Strike 0-1: Ball 1-1: Ball 2-1: Ball 3-1: Foul Ball, location: 2F 3-2: Strikes out swinging
|
Bottom of the 7th over - 0 runs, 0 hits, 0 errors, 0 left on base; Chattanooga 5 - Trenton 0 |
TOP OF THE 8TH |
Chattanooga Lookouts batting - Pitching for Trenton Thunder : RHP Jimmy Wilder
|
Batting: LHB Marshall Daul
|
0-0: Ball 1-0: Foul Ball, location: 2F 1-1: Foul Ball, location: 2F 1-2: Ball 2-2: Ball 3-2: Fly out, F9 (Flyball, 9LS, EV 92.5 MPH)
|
Batting: LHB Shaun Price
|
0-0: SINGLE (Groundball, 6M, EV 101.2 MPH) (infield hit)
|
Pitching: RHP Joe Shaw
|
|
Batting: RHB Manuel Juarez
|
0-0: Ball 1-0: Grounds into double play, 6-4-3 (Groundball, 6, EV 88.1 MPH)
|
Top of the 8th over - 0 runs, 1 hit, 0 errors, 0 left on base; Chattanooga 5 - Trenton 0 |
BOTTOM OF THE 8TH |
Trenton Thunder batting - Pitching for Chattanooga Lookouts : LHP Juan Garcia
|
Batting: RHB Josh Zoglmann
|
0-0: Ball 1-0: Ball 2-0: Ball 3-0: Base on Balls
|
Pitching: RHP Jose Marrero
|
|
Batting: RHB Phil Reeves
|
0-0: Fly out, F8 (Flyball, 8RD, EV 101.2 MPH)
|
Batting: RHB Sam Hubbert
|
0-0: SINGLE (Line Drive, 8RS, EV 104.4 MPH) Josh Zoglmann to second
|
Batting: SHB Corey Penson
|
0-0: Ball 1-0: Swinging Strike 1-1: SINGLE (Groundball, 34D, EV 96.2 MPH) Josh Zoglmann to third Sam Hubbert to second Runner from 3rd tries for Home, SAFE, throw by RF to home
|
Batting: RHB Javier Umanzor
|
0-0: Called Strike 0-1: Ball 1-1: Ball 2-1: Foul Ball, location: 2F 2-2: SINGLE (Line Drive, 78S, EV 104.4 MPH) Sam Hubbert to third Corey Penson to second
|
Batting: LHB Steve LeGrand
|
0-0: Ball 1-0: Ball 2-0: SINGLE (Groundball, 6M, EV 106.9 MPH) (infield hit) Sam Hubbert scores Corey Penson to third Javier Umanzor to second
|
Pinch Hitting: LHB Jared Zulkowski
|
0-0: Ball 1-0: Ball 2-0: Called Strike 2-1: Grounds into fielders choice 4-2 (Groundball, 4, EV 83.1 MPH) Javier Umanzor to third Steve LeGrand to second
|
Batting: LHB Justin O'Neal
|
0-0: Called Strike 0-1: Ball 1-1: Ground out 4-3 (Groundball, 4, EV 78.8 MPH)
|
Bottom of the 8th over - 2 runs, 4 hits, 0 errors, 3 left on base; Chattanooga 5 - Trenton 2 |
TOP OF THE 9TH |
Chattanooga Lookouts batting - Pitching for Trenton Thunder : RHP Joe Shaw
|
Now in CF: Bart Davies
|
|
Batting: LHB Kuemon Shishido
|
0-0: Called Strike 0-1: Ground out U3 (Groundball, 3, EV 105.0 MPH)
|
Batting: RHB Michael McDonald
|
0-0: Called Strike 0-1: Ball 1-1: Swinging Strike 1-2: Foul Ball, location: 2F 1-2: Foul Ball, location: 2F 1-2: Foul Ball, location: 2F 1-2: Foul Ball, location: 2F 1-2: Strikes out swinging
|
Batting: RHB John Dew
|
0-0: Called Strike 0-1: Ball 1-1: Foul Ball, location: 2F 1-2: Strikes out swinging
|
Top of the 9th over - 0 runs, 0 hits, 0 errors, 0 left on base; Chattanooga 5 - Trenton 2 |
BOTTOM OF THE 9TH |
Trenton Thunder batting - Pitching for Chattanooga Lookouts : RHP Jose Marrero
|
Pitching: RHP Tom Aagaard
|
|
Batting: SHB Houston Phillips
|
0-0: Called Strike 0-1: Ball 1-1: Foul Ball, location: 2F 1-2: Ball 2-2: Ball 3-2: Strikes out swinging
|
Batting: RHB Josh Zoglmann
|
0-0: Ground out 5-3 (Groundball, 5, EV 100.0 MPH)
|
Batting: RHB Phil Reeves
|
0-0: Ball 1-0: Called Strike 1-1: Ball 2-1: Swinging Strike 2-2: Foul Ball, location: 2F 2-2: TRIPLE (Flyball, 78XD, EV 103.1 MPH)
|
Batting: RHB Sam Hubbert
|
0-0: Called Strike 0-1: Foul Ball, location: 2F 0-2: Ball 1-2: Ball 2-2: Ball 3-2: Base on Balls
|
Batting: SHB Corey Penson
|
0-0: Foul Ball, location: 2F 0-1: Ball 1-1: Ball 2-1: Ball 3-1: Ground out 4-3 (Groundball, 4S, EV 80.6 MPH)
|
Bottom of the 9th over - 0 runs, 1 hit, 0 errors, 2 left on base; Chattanooga 5 - Trenton 2 |
|